 Dungeon Crawl Stone Soup version 0.31-a0-240-gb923e448b6 (webtiles) character file.

Game seed: 4117162814943121952

87 qw the Shooter (level 4, -2/26 HPs)
             Began as a Gargoyle Hexslinger on July 11, 2023.
             Slain by a gnoll
             ... wielding a +0 club
              (6 damage)
             ... on level 2 of the Dungeon.
             The game lasted 00:00:39 (1410 turns).

qw the Shooter (Gargoyle Hexslinger)                Turns: 1410, Time: 00:00:40

Health: -2/26      AC:  8    Str: 12    XL:     4   Next: 51%
Magic:  5/5        EV: 10    Int: 13    God:
Gold:   0          SH:  0    Dex: 14    Spells: 4/5 levels left

rFire   + . .        Y - +0 orcbow
rCold   . . .        (shield currently unavailable)
rNeg    + . .        d - +0 ring mail {rF+}
rPois   inf          (no helmet)
rElec   +            (no cloak)
rCorr   .            (no gloves)
SInv    .            (no boots)
Will    .....        (no amulet)
Stlth   +            (no ring)
HPRegen 0.24/turn    (no ring)
MPRegen 0.09/turn

%: no passive effects
@: brilliant
A: sickness immunity, AC +3, negative energy resistance 1, electricity
resistance, torment resistance 1, petrification resistance
a: no special abilities


You were on level 2 of the Dungeon.
You visited 1 branch of the dungeon, and saw 3 of its levels.

You collected 80 gold pieces.
You spent 80 gold pieces at shops.


Innate Abilities, Weirdness & Mutations

You are immune to sickness and miasma.
Your stone body is resilient. (AC +3)
You are immune to poison.
You resist negative energy. (rN+)
You are resistant to electric shocks. (rElec)
You are resistant to unholy torment.
You are immune to petrification.


   Skills:
 - Level 2.0 Fighting
 + Level 4.0 Ranged Weapons
 - Level 1.3 Armour
 - Level 1.5 Dodging
 - Level 1.0 Spellcasting
 - Level 2.6 Hexes


You had 4 spell levels left.
You knew the following spells:

 Your Spells              Type           Power      Damage    Failure   Level
a - Slow                  Hex            44%        N/A       21%         1

Your spell library contained the following spells:

 Spells                   Type           Power      Damage    Failure   Level
 Inner Flame              Hex/Fire       6%         N/A       71%         3
 Portal Projectile        Hex/Tloc       12%        N/A       71%         3
 Cause Fear               Hex            5%         N/A       90%         4

Inventory:

Hand Weapons
 Y - a +0 orcbow (weapon)
Armour
 d - a +0 ring mail of fire resistance (worn)
Scrolls
 i - a scroll of identify
Potions
 a - a potion of resistance
 f - a potion of haste
 j - a potion of curing {unknown}

Dungeon Overview and Level Annotations

Branches:
Dungeon (3/15)

Altars:

Shops:
D:2 ?


Message History

Where to? (* - list waypoints, Enter - D:2, ? - help)
What level of the Dungeon? (default 1, ? - help)
There is a stone staircase leading down here.
You climb downwards.
The gnoll shouts! x4
Found a robe, a runed emerald amulet, a sling and a short sword.
There is a stone staircase leading up here.
There are monsters nearby!
Waypoint 2 assigned to D:3.
You shoot an arrow. The arrow barely misses the gnoll.
The gnoll hits you with a +0 halberd. The gnoll closely misses you.
1405 ||| STAIRDANCE The gnoll hits you with a +0 halberd.
The gnoll hits you with a +0 club.
You climb upwards.
There is a stone staircase leading down here.
Enter note:
Enter note:
Enter note:
Enter note:
Enter note:
Enter note:
Enter note:
Enter note:
Enter note:
Enter note:
Enter note:
Enter note: You shoot an arrow.
The arrow hits the gnoll!
The gnoll is heavily wounded.
The gnoll closely misses you. The gnoll hits you with a +0 halberd!
You shoot an arrow. The arrow hits the gnoll!
You kill the gnoll!
The gnoll barely misses you. x2
Your Armour skill increases to level 1!
You shoot an arrow. The arrow closely misses the gnoll.
The gnoll closely misses you.
You shoot an arrow.
The arrow hits the gnoll but does no damage.
The gnoll misses you. The gnoll hits you with a +0 club.
You die...

..>........#..ยค#.#..........7~P~~
...........#####.#..##......~7~7%
.......................###..~7~~~
..........###....#####.....#~7P~~
##...........#......##.####~7~~7~
##........................#77~~~~
##.)......#.............#..77~~~~
.#........#.###)g...#.....#~~P~~~
........#...# ##@<.........~~~~~~
..........### ##.........#7~~~~~
.........########.......#.#~~~%~~
.........#.......##.....#..~77~~~
PP.......#...........#..#..7~~~~~
~.PPP....#.......##......#..77)~~
~~PPPP.....<.......<........77~~~
~77~P~P..#..........####....7P7~7
777~~P.#.#.......#### #....~7~~~


You could see a gnoll.

Vanquished Creatures
  A gnoll (D:2)
  3 adders (D:2)
  A ball python (D:2)
  4 bats
  3 endoplasms
  A giant cockroach (D:1)
  5 goblins
  5 hobgoblins
  8 jackals (D:1)
  3 kobolds
  4 quokkas
  A frilled lizard (D:2)
  3 rats
42 creatures vanquished.

Notes
Turn   | Place    | Note
-------+----------+-------------------------------------------
     0 | D:1      | qw the Gargoyle Hexslinger began the quest for the Orb.
     0 | D:1      | Reached XP level 1. HP: 12/12 MP: 2/2
     0 | D:1      | 0 ||| qw: Version: 0.3-a-52-g30416fa
     0 | D:1      | 0 ||| qw: Game counter: 5980
     0 | D:1      | 0 ||| qw: Melee chars always use a shield: true
     0 | D:1      | 0 ||| qw: God list: Okawaru
     0 | D:1      | 0 ||| qw: Allow faded altars: false
     0 | D:1      | 0 ||| qw: Do Orc after clearing Dungeon:15 true
     0 | D:1      | 0 ||| qw: Do second Lair branch before Depths: true
     0 | D:1      | 0 ||| qw: Lair rune preference: random
     0 | D:1      | 0 ||| qw: Goals: Normal
     0 | D:1      | 0 ||| PLANNING D:1-11
    80 | D:1      | Reached XP level 2. HP: 15/16 MP: 3/3
   185 | D:1      | Reached skill level 3 in Ranged Weapons
   472 | D:1      | Reached XP level 3. HP: 21/21 MP: 4/4
   887 | D:1      | 887 ||| UPGRADING to +0 ring mail.
   897 | D:1      | 897 ||| DROPPING +0 robe.
   898 | D:1      | 898 ||| READING scroll labelled ESIPYI FIAWN.
   899 | D:1      | 899 ||| READING scroll labelled BIGRID IGIOV.
   900 | D:1      | 900 ||| READING scroll labelled EREUDU YNASIRO.
   901 | D:1      | 901 ||| READING scroll labelled YTTERGH HOYST.
   906 | D:1      | 906 ||| DROPPING scroll of poison.
   974 | D:2      | 974 ||| SWAPPING to +0 orcbow.
   975 | D:2      | 975 ||| DROPPING +2 sling.
  1239 | D:2      | Reached XP level 4. HP: 20/26 MP: 5/5
  1284 | D:2      | Reached skill level 4 in Ranged Weapons
  1361 | D:2      | Found Sintamim's Magic Scroll Shop.
  1364 | D:2      | 1364 ||| BUYING scroll of identify (20 gold).
  1364 | D:2      | Bought a scroll of identify for 20 gold pieces
  1364 | D:2      | 1364 ||| BUYING scroll of identify (20 gold).
  1364 | D:2      | Bought a scroll of identify for 20 gold pieces
  1364 | D:2      | 1364 ||| BUYING scroll of identify (20 gold).
  1364 | D:2      | Bought a scroll of identify for 20 gold pieces
  1364 | D:2      | 1364 ||| BUYING scroll of identify (20 gold).
  1364 | D:2      | Bought a scroll of identify for 20 gold pieces
  1364 | D:2      | 1364 ||| SHOPLISTING scroll of identify (20 gold, have 0).
  1364 | D:2      | 1364 ||| SHOPLISTING scroll of teleportation (30 gold, have
                  | 0).
  1364 | D:2      | 1364 ||| UPGRADING to +0 ring mail of fire resistance.
  1374 | D:2      | 1374 ||| DROPPING +0 ring mail.
  1375 | D:2      | 1375 ||| READING scroll labelled SEAFRI QAKOUCO.
  1376 | D:2      | 1376 ||| DRINKING 2 metallic brown potions.
  1377 | D:2      | 1377 ||| READING 4 scrolls of identify.
  1377 | D:2      | 1377 ||| IDENTIFYING metallic white potion
  1378 | D:2      | 1378 ||| READING 3 scrolls of identify.
  1378 | D:2      | 1378 ||| IDENTIFYING metallic silvery potion
  1379 | D:2      | 1379 ||| READING 2 scrolls of identify.
  1379 | D:2      | 1379 ||| IDENTIFYING sedimented sapphire potion
  1380 | D:2      | 1380 ||| DROPPING potion of berserk rage.
  1381 | D:2      | 1381 ||| DROPPING potion of brilliance.
  1405 | D:3      | 1405 ||| STAIRDANCE
  1407 | D:2      | HP: 3/26 [gnoll/+0 halberd (11)]
  1409 | D:2      | Reached skill level 1 in Armour
  1410 | D:2      | Slain by a gnoll

Levels and vault maps discovered:
D:1:      onia_arrival_mini_spirals, layout_basic
D:2:      layout_rooms, serial_bayou, serial_bayou_pond_e, serial_bayou_lake_a,
          serial_bayou_pond_d, serial_bayou_lagoon_a, serial_shops,
          nicolae_shop_rolled_up
D:3:      layout_basic, tso_altar, grunt_ministairs_9, corner_web_ring

Skill      XL: |  1  2  3  4 |
---------------+-------------+-----
Ranged Weapons | 3 4 |  4.0
Fighting       | 2 |  2.0
Armour         | 1 |  1.3
Dodging        | |  1.5
Spellcasting   | |  1.0
Hexes          | |  2.6

Action                     |  1- 3 |  4- 6 || total
---------------------------+-------+-------++-------
   Fire: Sling             |    94 |       ||    94
         Orcbow            |    33 |    17 ||    50
    Use: Scroll            |     4 |     4 ||     8
         Potion            |       |     1 ||     1
 Armour: Robe              |    30 |       ||    30
         Ring mail         |     9 |     2 ||    11
  Dodge: Dodged            |    74 |    19 ||    93

Table legend:
 A = Non-vault XP
 B = Vault XP
 C = Vault XP percentage of total XP
 D = Non-vault monster count
 E = Vault monster count
 F = Vault count percentage of total count
                 A         B        C        D         E       F
            +---------+---------+-------+---------+---------+-------
      Total |     125 |       0 |   0.0 |      42 |       0 |   0.0
            +---------+---------+-------+---------+---------+-------
        D:1 |      46 |       0 |   0.0 |      24 |       0 |   0.0
        D:2 |      79 |       0 |   0.0 |      18 |       0 |   0.0
            +---------+---------+-------+---------+---------+-------
